[Event "*** SCC Grand Prix: Titled Tuesday Blitz"]
[Site "Chess.com"]
[Date "2020.07.07"]
[Round "1"]
[White "PauloCesarCosta_sad"]
[Black "Artem_Sadovsky"]
[Result "1-0"]
[WhiteElo "2225"]
[BlackElo "2545"]
[TimeControl "180+1"]
[EndTime "10:08:11 PDT"]
[Termination "PauloCesarCosta_sad won on time"]

1. Nf3 g6 2. d4 Bg7 3. c4 d6 4. Nc3 e6 5. e4 Ne7 6. Be2 h6 7. Be3 g5 8. h3 Ng6 9. Qd2 Nd7 10.
Rd1 O-O 11. O-O f5 12. exf5 exf5 13. d5 Nde5 14. Bd4 Nf4 15. Nxe5 Bxe5 16. Bxe5 dxe5 17.
Rfe1 Bd7 18. Bf1 Qf6 19. g3 Ng6 20. Nb5 Bxb5 21. cxb5 e4 22. d6 Ne5 23. Qd5+ Kh8 24. Bg2 cxd6 25. Qxd6 Nd3 26. Qxf6+ Rxf6 27. Re2 Rc8 28. f3 Ne5 29. fxe4 f4 30. gxf4 gxf4 31. Red2 f3 32. Rd8+ Rxd8 33. Rxd8+ Kg7 34. Bf1 f2+ 35. Kg2 Nf3 36. Kxf2 Nd2+ 37. Ke2 Nxf1 38. Rd7+ Kg6 39. Rxb7 Ng3+ 40. Kd3 Rd6+ 41. Ke3 Re6 42. Rxa7 Nxe4 43. Kd3 Nf2+ 44. Kd2 Nxh3 45. Ra6 Nf4 46. Rxe6+ Nxe6 47. b6 Nd8 48. a4 h5 49. a5 h4 50. Ke2 Nc6 51. a6 Nd4+ 52. Kf2 Ne6 53. b7 1-0

[Event "*** SCC Grand Prix: Titled Tuesday Blitz"]
[Site "Chess.com"]
[Date "2020.07.07"]
[Round "1"]
[White "Alkhoori90"]
[Black "BeanScreen"]
[Result "0-1"]
[WhiteElo "2222"]
[BlackElo "2569"]
[TimeControl "180+1"]
[EndTime "10:08:12 PDT"]
[Termination "BeanScreen won by resignation"]

1. e4 e5 2. Nf3 Nc6 3. Nc3 Nf6 4. d4 exd4 5. Nxd4 Bb4 6. Nxc6 bxc6 7.
Bd3 d5 8. exd5 O-O 9. O-O cxd5 10. Bg5 c6 11. Qf3 Be7 12. h3 Rb8 13. b3 h6 14. Bh4 Be6 15. Rfe1 Re8 16. Rad1 Bb4 17. Bf1 Qa5 18. Bxf6 gxf6 19. Re3 Kg7 20. Ne2 Qc7 21. Nf4 Bd6 22. Nh5+ Kf8 23. Qxf6 Qd8 24. Qxh6+ Ke7 25.
Qg5+ Kd7 26. Qxd8+ Rexd8 27. c4 Kc7 28. cxd5 Bxd5 29.
Nf6 Be6 30. Rc1 Bf4 31. Rec3 Bxc1 32. Rxc1 Rd2 33. Ne4 Rxa2 34. Nc5 Rg8 35. g3 Bd5 36. Bg2 Rxg3 37. fxg3 Rxg2+ 38. Kf1 Rxg3 39. b4 Rxh3 40. Kf2 Rh2+ 41. Ke3 Rb2 42. Ra1 Kd6 43. Nd3 Ra2 44.
Rh1 Bxh1 45. Nc5 Bd5 46. Nb7+ Ke5 47. Nc5 Bc4 48. Nd7+ Kd6 49. Nf6 Rb2 50. Kd4 Rxb4 51. Kc3 Ra4 52. Ne4+ Ke5 53. Nc5 Ra5 54. Nd7+ Kd6 55.
Nf6 Bd5 0-1

[Event "*** SCC Grand Prix: Titled Tuesday Blitz"]
[Site "Chess.com"]
[Date "2020.07.07"]
[Round "1"]
[White "GAusal"]
[Black "YPradafah"]
[Result "1/2-1/2"]
[WhiteElo "2049"]
[BlackElo "2477"]
[TimeControl "180+1"]
[EndTime "10:08:12 PDT"]
[Termination "Game drawn by agreement"]

1. e4 c5 2. Nf3 Nc6 3. Bc4 e6 4.
d3 a6 5. O-O Nf6 6. Nc3 d5 7. Bb3 Be7 8. Bf4 O-O 9. h3 b5 10.
a3 b4 11. axb4 cxb4 12. exd5 exd5 13. Ne2 h6 14. Nfd4 Bd7 15. Nxc6 Bxc6 16. Nd4 Bd7 17. Re1 Bc5 18. Nf3 Re8 19. d4 Bf8 20. Ne5 Bb5 21. Bg3 Rc8 22. Qf3 Bc4 23. Bxc4 dxc4 24. Bh4 Be7 25. Nc6 Qd6 26. Nxe7+ Rxe7 27. Rxe7 Qxe7 28. Bxf6 Qxf6 29. Qxf6 gxf6 30. Rxa6 c3 31. b3 Rd8 32. Rxf6 Rxd4 33. Rb6 Rd1+ 34. Kh2 Rd2 35. Kg3 Rxc2 36. Rxb4 Rb2 37. Rb8+ Kg7 38. b4 c2 39. Rc8 Rb3+ 40.
Kh2 Rb2 41. b5 Kg6 42. b6 Rxb6 43. Rxc2 h5 44. g3 Ra6 45. h4 Rb6 46. Kg2 Ra6 47.
Rc5 Rb6 48. Rg5+ Kh6 49. Kf3 Rf6+ 50. Kg2 Ra6 51. Rf5 Kg6 52. Rf4 Rb6 53. Kf3 Ra6 54. Kg2 Rb6 55. Rf3 Ra6 56. Re3 Rb6 57. Kf3 Ra6 58. Kf4 Rf6+ 59. Ke4 Rxf2 60. Rf3 Ra2 61. Kf4 Ra4+ 62. Ke3 Ra3+ 63. Kf2 Ra6 64. Re3 Rf6+ 65. Kg2 Ra6 66. Kh3 Rf6 67. Kg2 Ra6 68.
Rf3 Rb6 69. Kh3 Rb1 70. Re3 Rb2 71. Rf3 Rb6 72. Re3 Rb1 73. Rf3 Rh1+ 74. Kg2 Ra1 75. Rf2 Ra6 1/2-1/2

[Event "*** SCC Grand Prix: Titled Tuesday Blitz"]
[Site "Chess.com"]
[Date "2020.07.07"]
[Round "1"]
[White "Nafania1"]
[Black "viditchess"]
[Result "0-1"]
[WhiteElo "2460"]
[BlackElo "3017"]
[TimeControl "180+1"]
[EndTime "10:08:15 PDT"]
[Termination "viditchess won by resignation"]

1. e4 c5 2. Nf3 d6 3. Bb5+ Nd7 4. c3 Nf6 5. Bd3 g6 6. Bc2 Bg7 7. d4 O-O 8. a4 b6 9. O-O Bb7 10. Re1 e6 11. Nbd2 Qc7 12. Bd3 Rac8 13. Nf1 Rfd8 14. Bd2 e5 15. d5 c4 16. Bc2 Nc5 17. Bg5 h6 18. Bh4 a6 19. N3d2 b5 20. axb5 axb5 21.
Ne3 Re8 22. Ng4 Nh5 23. Bg3 Nf4 24. Qf3 h5 25. Ne3 Ncd3 26. Reb1 Ra8 27. Rxa8 Rxa8 28. Bxf4 Nxf4 29. g3 Nh3+ 30. Kg2 Ng5 31. Qe2 Nh7 32.
Qd1 Bh6 33. Ra1 Qb6 34. Rxa8+ Bxa8 35. Ndf1 Nf6 36. h3 Bb7 37. Kh2 Qa7 38. Qf3 Kg7 39. Qd1 Bc8 40. Kg2 Qd7 41. h4 Qh3+ 42. Kg1 Ng4 43. Nxg4 Bxg4 44. f3 Bc8 45. b3 cxb3 46.
Bxb3 Ba6 47. Qe2 Qc8 48. Qd3 Qc5+ 49. Kg2 Qa3 50. Qc2 Bc8 51. Qa2 Qc1 52. Qc2 Qe1 53. Nh2 Be3 54. Qe2 Qxe2+ 0-1

[Event "*** SCC Grand Prix: Titled Tuesday Blitz"]
[Site "Chess.com"]
[Date "2020.07.07"]
[Round "1"]
[White "JSMastropiero"]
[Black "VincentKeymer"]
[Result "0-1"]
[WhiteElo "2434"]
[BlackElo "2874"]
[TimeControl "180+1"]
[EndTime "10:08:16 PDT"]
[Termination "VincentKeymer won by resignation"]

1. d4 Nf6 2. c4 e6 3. Nc3 Bb4 4. e3 O-O 5. Bd3 d5 6. Nf3 b6 7. O-O Bb7 8. cxd5 exd5 9. Qb3 Bd6 10. a4 a6 11. Bd2 Nbd7 12. Rfc1 Qe7 13. Na2 Rab8 14. a5 c5 15. Qd1 c4 16. Bf5 b5 17.
Qe1 Bc8 18. Bb4 Re8 19. Bxd6 Qxd6 20. Qb4 Qc7 21. Nc3 Nf8 22. Bxc8 Rbxc8 23. b3 Rb8 24. Rab1 Rec8 25. h3 h6 26. Ne5 N8d7 27. f4 Rd8 28. bxc4 dxc4 29. Rd1 Re8 30. e4 Rbd8 31.
Nxd7 Rxd7 32. e5 Nd5 33. Nxd5 Rxd5 34. f5 Qd7 35. f6 Rxd4 36. Rf1 g6 37. Rbe1 Qe6 38. Qc3 Red8 39. Qc1 Kh7 40. Qe3 b4 41. Rb1 b3 42. Kh1 R8d5 43. Rfe1 Rd3 44. Qa7 Rd7 45.
Qb6 Qxb6 46. axb6 Rb7 47. e6 fxe6 48. Rxe6 c3 49. Rxb3 c2 50. Rxd3 c1=Q+ 51. Kh2 Qc4 52. Rde3 Qf4+ 53. Kg1 h5 54. Re7+ Rxe7 55. Rxe7+ Kh6 56.
b7 Qc1+ 57. Kh2 Qf4+ 58. Kg1 Qb4 59. f7 Kg7 60. Rc7 Qb6+ 61. Kh1 Qxc7 0-1

[Event "*** SCC Grand Prix: Titled Tuesday Blitz"]
[Site "Chess.com"]
[Date "2020.07.07"]
[Round "1"]
[White "guillembaches"]
[Black "Guenplen"]
[Result "0-1"]
[WhiteElo "2445"]
[BlackElo "2898"]
[TimeControl "180+1"]
[EndTime "10:08:18 PDT"]
[Termination "Guenplen won on time"]

1. e4 c5 2. Nf3 e6 3. g3 Nc6 4.
Bg2 Nf6 5. Qe2 d6 6. O-O Be7 7. c3 O-O 8. d4 d5 9. exd5 exd5 10. dxc5 Bxc5 11. b4 Re8 12. Qd3 Bb6 13. Bg5 h6 14. Bf4 Bg4 15. b5 Na5 16. Ne5 Be6 17. Nd2 Rc8 18.
Rac1 Nd7 19. Ndf3 Nc5 20. Qd1 Ne4 21. Qd3 Nc5 22. Qd1 Ne4 23. Qd3 f6 24. Ng6 Bf7 25. Nfh4 Nc4 26. a4 Kh7 27. Bh3 Bxg6 28. Nxg6 Kxg6 29.
Bxc8 Qxc8 30. Qxd5 Qc5 31. Qd7 Re7 32. Qg4+ Kh7 33.
Rc2 h5 34. Qh3 Kg6 35. Be3 Nxe3 36. fxe3 Qxe3+ 37. Kh1 Ng5 38. Qf5+ Kh6 39. Rcc1 Qe4+ 40. Qxe4 Nxe4 41. c4 Kg6 42. Rce1 Re5 43. Kg2 Nc5 44. Rxe5 fxe5 45. Rf8 Nxa4 46. Rc8 Nc5 47. Kf3 e4+ 48. Ke2 Kf6 49. Rh8 g6 50. h3 Ke5 51. Rg8 Kf6 52.
Rh8 Bc7 53. g4 hxg4 54. hxg4 Ne6 55. Rh7 a5 56. bxa6 bxa6 57. c5 a5 58. c6 Ke5 0-1

[Event "*** SCC Grand Prix: Titled Tuesday Blitz"]
[Site "Chess.com"]
[Date "2020.07.07"]
[Round "1"]
[White "Man-Chuk"]
[Black "JozefKneht"]
[Result "1/2-1/2"]
[WhiteElo "2857"]
[BlackElo "2442"]
[TimeControl "180+1"]
[EndTime "10:08:19 PDT"]
[Termination "Game drawn by repetition"]

1. d4 d5 2. c4 e6 3. Nc3 Nf6 4. cxd5 exd5 5. Bg5 Be7 6. e3 O-O 7. Bd3 c6 8. Qc2 Nbd7 9. Nge2 Re8 10. O-O Nf8 11.
Rae1 Be6 12. f3 Rc8 13. e4 dxe4 14. fxe4 Ng4 15. Bc1 c5 16. d5 Bd7 17. Bc4 Bd6 18. h3 Ne5 19. b3 a6 20. a4 Nfg6 21. Nf4 Rb8 22. Qe2 Qh4 23. Qf2 Qxf2+ 24. Rxf2 b5 25. axb5 axb5 26. Bf1 c4 27. Nxg6 hxg6 28. bxc4 bxc4 29.
Be3 Rb3 30. Bd4 Ra8 31. Rc2 Nd3 32. Bxd3 cxd3 33. Rd2 Bb4 34. Rxd3 Raa3 35. Rc1 f6 36. Rf3 g5 37. e5 g4 38. hxg4 fxe5 39. Bxe5 Bc5+ 40.
Kh2 Rb4 41. Ne2 Rb5 42. Rxc5 Rxf3 43. Rxb5 Bxb5 44. gxf3 Bxe2 45. Kg3 Kf7 46. d6 g6 47. Kf2 Bb5 48. Ke3 Bc6 49. Bg3 Ke6 50. Kf2 Kf7 51. Be5 Ke6 52. f4 Kf7 53. Ke3 Bd7 54. Kf3 Bc6+ 55. Kg3 Bd7 56. Kh4 Be6 57. Kg5 Bd7 58. Bd4 Be6 59. Be5 Bd7 60. Bc3 Be6 61. f5 gxf5 62. gxf5 Bd7 63. Kf4 Bc8 64. Ke5 Bd7 65.
f6 Bg4 66. Kd5 Bf3+ 67. Kc5 Ke6 68. Be5 Bh5 69. Kb6 Be8 70. Kc7 Ba4 71. Bd4 Be8 72. Kd8 Ba4 73. Be5 Bb5 74. Kc7 Ba4 75. Bb2 Bb5 76.
Be5 Ba4 1/2-1/2

[Event "*** SCC Grand Prix: Titled Tuesday Blitz"]
[Site "Chess.com"]
[Date "2020.07.07"]
[Round "1"]
[White "Hanging_pointer"]
[Black "KaspMagAlpha"]
[Result "1/2-1/2"]
[WhiteElo "2566"]
[BlackElo "2241"]
[TimeControl "180+1"]
[EndTime "10:08:20 PDT"]
[Termination "Game drawn - insufficient material"]

1. d4 Nf6 2. c4 e6 3. Nc3 Bb4 4.
Qc2 O-O 5. Bg5 c5 6. Nf3 Nc6 7. dxc5 Bxc5 8. e3 h6 9. Bh4 a6 10. Be2 b6 11. O-O Bb7 12. Rfd1 Be7 13. Rac1 Rc8 14.
b3 Nh7 15. Bg3 d6 16. e4 Qc7 17. e5 dxe5 18. Nxe5 Bd6 19. Rxd6 Qxd6 20. Nxc6 Qxc6 21.
Bf3 Qd7 22. Rd1 Qe7 23. Bd6 Bxf3 24. Bxe7 Bxd1 25. Qxd1 Rfe8 26. Ba3 Nf6 27. h3 Red8 28. Qc2 b5 29. Be7 Rd7 30. Bxf6 gxf6 31. Ne4 Rdc7 32. Nxf6+ Kg7 33. Qc3 Kf8 34. c5 Ke7 35.
b4 a5 36. a3 axb4 37. axb4 Rd8 38. Ne4 Rd5 39. Nd6 Kd7 40. Qf6 Kc6 41. Qxh6 Rd1+ 42. Kh2 Rd4 43. Qe3 Rxb4 44. h4 Rc4 45. g3 Rxc5 46.
Qe4+ Rd5 47. Ne8 Rb7 48. Nf6 b4 49. Nxd5 exd5 50. Qc2+ Kd6 51. h5 b3 52. Qb2 f6 53.
Kh3 Kc5 54. h6 d4 55. h7 Rxh7+ 56. Kg4 Rb7 57. Kf5 Rb4 58. Kxf6 Rc4 59. Qxb3 Rc3 60. Qb2 Kc4 61. Qe2+ d3 62. Qe3 Kb3 63. Qb6+ Kc2 64.
g4 d2 65. Qd4 d1=Q 66. Qa4+ Kd2 67. Qxd1+ Kxd1 68. f4 Rc4 69. Ke5 Ke2 70. g5 Kf3 71. f5 Rc5+ 72. Ke6 Kf4 73. f6 Rxg5 74. f7 Rf5 75.
Ke7 Rxf7+ 76. Kxf7 1/2-1/2

[Event "*** SCC Grand Prix: Titled Tuesday Blitz"]
[Site "Chess.com"]
[Date "2020.07.07"]
[Round "1"]
[White "pavlitas17"]
[Black "Carnivoras"]
[Result "1/2-1/2"]
[WhiteElo "2292"]
[BlackElo "2606"]
[TimeControl "180+1"]
[EndTime "10:08:21 PDT"]
[Termination "Game drawn by repetition"]

1. d4 d5 2. c4 c6 3. Nf3 e6 4.
Nbd2 Nf6 5. e3 Nbd7 6. Bd3 dxc4 7. Nxc4 b5 8. Nce5 Bb7 9. O-O Bd6 10. Qc2 Qc7 11. Nxd7 Nxd7 12. e4 e5 13. dxe5 Nxe5 14.
Nxe5 Bxe5 15. Be3 Bxh2+ 16. Kh1 Bf4 17. Bc5 Bd6 18. Rfe1 O-O 19. g3 Rfd8 20. Rad1 Bxc5 21. Qxc5 Qb6 22. Qxb6 axb6 23. a3 Rd4 24. f3 Rad8 25.
Be2 Kf8 26. Kg2 Ke7 27. Kf2 b4 28. axb4 Rxb4 29. Rxd8 Kxd8 30. Rd1+ Ke7 31. Rd2 c5 32.
Ke3 Bc6 33. g4 b5 34. Bd1 Rc4 35. Bb3 Rc1 36. Kf2 c4 37. Bc2 b4 38. Ke3 b3 39.
Bd1 c3 40. bxc3 Rxc3+ 41. Kd4 Rc1 42. Bxb3 Rf1 43. Bd1 Bd7 44. Ke3 Be6 45. Be2 Ra1 46.
Rb2 Ra3+ 47. Kf2 g6 48. e5 g5 49. Rb7+ Kf8 50. Rb5 Kg7 51. Rc5 Ra2 52. Ke3 Ra3+ 53. Bd3 Ra2 54. Rc1 Ra3 55. Rc2 h6 56. Rc6 Ra5 57. Kd4 Rd5+ 58. Ke4 Ra5 59. Rd6 Ra4+ 60. Rd4 Ra1 61. Ke3 Re1+ 62. Be2 Ra1 63. Rb4 Ra5 64. Rb5 Ra3+ 65. Kf2 Ra2 66. Rc5 Rb2 67. Rc7 Ra2 68. Rc5 Ra3 69. Rb5 Ra2 70. Rc5 1/2-1/2

[Event "*** SCC Grand Prix: Titled Tuesday Blitz"]
[Site "Chess.com"]
[Date "2020.07.07"]
[Round "1"]
[White "Parhamov"]
[Black "jonaszmb"]
[Result "1-0"]
[WhiteElo "3047"]
[BlackElo "2462"]
[TimeControl "180+1"]
[EndTime "10:08:22 PDT"]
[Termination "Parhamov won by resignation"]

1. e4 c5 2. Nf3 Nc6 3. Bb5 a6 4. Bxc6 dxc6 5. O-O Qc7 6. h3 e5 7. a4 a5 8. Na3 Ne7 9. Nc4 Ng6 10. d3 Be7 11. c3 Be6 12. Ng5 Bxg5 13. Bxg5 f6 14. Be3 Bxc4 15. dxc4 b6 16. b4 axb4 17. cxb4 cxb4 18. c5 bxc5 19. Bxc5 Nf4 20. a5 Qf7 21. Qd6 Qd7 22. Rfd1 Qxd6 23. Rxd6 b3 24. Bb6 Ne2+ 25. Kf1 Nc3 26. Rd2 c5 27. Rc1 Nxe4 28. Rb2 O-O 29.
f3 Ng3+ 30. Kf2 Nf5 31. Rxb3 Nd4 32. Rbc3 Nc6 33. Rxc5 Nd4 34. Rd5 Rfc8 35. Rxc8+ Rxc8 36. Bxd4 exd4 37. Rxd4 Rc2+ 38. Kg3 Ra2 39. Rd5 h6 40. h4 Kh7 41. h5 Ra4 42. Kh3 Kh8 43. g3 Kh7 44. f4 Kh8 45. Kg4 Kh7 46. Kf5 Ra3 47. g4 Ra1 48. Ke6 Ra2 49. Kd6 Ra4 50.
Rf5 Kg8 51. Kc6 Kf7 52. Kb5 Ra1 53. a6 Ke6 54. Kb6 Rg1 55. a7 Rxg4 56. Rb5 1-0

[Event "*** SCC Grand Prix: Titled Tuesday Blitz"]
[Site "Chess.com"]
[Date "2020.07.07"]
[Round "1"]
[White "Makswolf200817"]
[Black "AungTZ"]
[Result "1-0"]
[WhiteElo "2511"]
[BlackElo "2112"]
[TimeControl "180+1"]
[EndTime "10:08:24 PDT"]
[Termination "Makswolf200817 won by resignation"]

1. d4 Nf6 2. c4 e6 3. Nc3 Bb4 4. e3 O-O 5. Ne2 b6 6. a3 Bxc3+ 7. Nxc3 Bb7 8. f3 d5 9. Bd3 Nbd7 10. O-O c5 11. cxd5 exd5 12. Ne2 Re8 13. Ng3 Nf8 14. Bd2 Rc8 15. Rc1 Ne6 16. Bc3 cxd4 17. Bxd4 Nxd4 18.
exd4 Rxc1 19. Qxc1 g6 20. h4 Qd6 21. Ne2 Nh5 22.
Qg5 Kg7 23. Rc1 h6 24. Qd2 Qf6 25. Rc7 Re7 26. Rxe7 Qxe7 27. g3 Qf6 28. Kg2 Qd6 29.
Qe3 Nf6 30. b4 Nd7 31. Nf4 a6 32. h5 g5 33. Ne2 b5 34. g4 Nb6 35. Ng3 Bc8 36.
Bf5 Be6 37. Qc3 Nc4 38. Bd3 Ne3+ 39. Kh3 Qf4 40. Be2 f5 41. gxf5 Nxf5 42. Nxf5+ Bxf5+ 43. Kg2 g4 44. fxg4 Be4+ 45. Kg1 Qf6 46. Qc7+ Kg8 47.
Qe5 Qh4 48. Qe6+ Kf8 49. Qd6+ Ke8 50. Qc6+ Kd8 51. Qb6+ Ke8 52. Qe6+ Kd8 53. Qg8+ Ke7 54. Qg7+ Ke8 55. Qe5+ Kf8 56. Qf4+ Ke7 57. Qf2 Kd6 58. Qxh4 1-0

[Event "*** SCC Grand Prix: Titled Tuesday Blitz"]
[Site "Chess.com"]
[Date "2020.07.07"]
[Round "1"]
[White "shineatchess"]
[Black "MomchilPetkov"]
[Result "0-1"]
[WhiteElo "2174"]
[BlackElo "2535"]
[TimeControl "180+1"]
[EndTime "10:08:26 PDT"]
[Termination "MomchilPetkov won by checkmate"]

1. d4 Nf6 2. c4 e6 3. Nc3 Bb4 4. e3 c5 5. Ne2 cxd4 6. exd4 O-O 7. a3 Be7 8. d5 exd5 9. cxd5 Bc5 10. Ng3 Qb6 11.
Qf3 d6 12. h3 Nbd7 13. b4 Bd4 14. Bb2 Re8+ 15. Kd2 Ne5 16. Qd1 Bxf2 17. Nge4 Nxe4+ 18. Nxe4 Qe3+ 19. Kc2 Qxe4+ 20. Bd3 Nxd3 21. Qxd3 Bf5 22.
Qxe4 Bxe4+ 23. Kd2 Bxg2 24. Rh2 Be3+ 25. Kd3 Bxd5 26.
Re1 Bf4 27. Rxe8+ Rxe8 28. Rf2 Be5 29. Bxe5 dxe5 30. Ke3 Bc6 31. Rd2 a6 32. Rd6 Kf8 33. h4 Ke7 34. Rd1 Rd8 35. Rg1 g6 36. h5 Rd4 37. hxg6 hxg6 38. Rf1 Rf4 39. Rd1 Rf3+ 40. Ke2 Rxa3 41. Rg1 Rb3 42. Kd2 Rxb4 43. Re1 Rd4+ 44. Kc3 f6 45. Re3 g5 46. Rh3 Ke6 47. Rh7 g4 48.
Rh8 Kf5 49. Rg8 Kf4 50. Rg7 f5 51. Rg8 g3 52. Rg7 g2 53. Rg8 Rd1 54. Rg7 g1=Q 55.
Rxg1 Rxg1 56. Kd3 Bd5 57. Kd2 Rg3 58. Ke2 Ke4 59. Kd2 Kd4 60. Ke2 Rg2+ 61. Kf1 Ke3 62.
Ke1 Rg1# 0-1

[Event "*** SCC Grand Prix: Titled Tuesday Blitz"]
[Site "Chess.com"]
[Date "2020.07.07"]
[Round "1"]
[White "White_Ghost"]
[Black "Msb2"]
[Result "0-1"]
[WhiteElo "2433"]
[BlackElo "2850"]
[TimeControl "180+1"]
[EndTime "10:08:27 PDT"]
[Termination "Msb2 won by checkmate"]

1. d4 d5 2. c4 c6 3. cxd5 cxd5 4.
Bf4 Nc6 5. e3 Nf6 6. Nc3 a6 7.
Rc1 Bg4 8. f3 Bd7 9. Bd3 e6 10.
Nge2 Be7 11. O-O O-O 12. Na4 Rc8 13. Nc5 Bxc5 14. Rxc5 Nh5 15. a3 Nxf4 16. Nxf4 Qf6 17.
Ne2 e5 18. Rxd5 Be6 19. dxe5 Nxe5 20. Rd4 Rfd8 21. Be4 Nc4 22. Qc1 Nd6 23. Qb1 Nf5 24. Bxf5 Bxf5 25. Qd1 Qb6 26. Qd2 Re8 27. Rc1 Rxc1+ 28.
Qxc1 h5 29. Qc3 Rc8 30. Qb4 Qc7 31. Nc3 Be6 32. Qd6 Qa5 33. h3 Qg5 34. Qf4 Qe7 35.
Kh2 b5 36. Qd6 Qg5 37. Qg3 Qxe3 38. Re4 Qc1 39. Ne2 Qxb2 40. Nf4 Bf5 41. Re2 Qxa3 42. Nxh5 Bg6 43. Nf4 Qd6 44. Nxg6 Qxg3+ 45. Kxg3 fxg6 46. Re6 Ra8 47. Kf2 Kf7 48. Re5 Kf6 49. Rc5 Kf7 50. Ke3 Rb8 51. Kd3 Rd8+ 52. Kc3 Re8 53. Kb4 Re2 54. Rg5 Rb2+ 55. Ka5 Ra2+ 56. Kb6 b4 57.
Rg4 a5 58. Rd4 b3 59. Rd3 a4 60. Kb5 b2 61. Rd1 a3 62. Rd7+ Kg8 63. Rd8+ Kh7 64. Rd1 Ra1 65. Rb1 Rxb1 66. Ka4 Rc1 67. Kb4 b1=Q+ 68.
Ka4 a2 69. Ka5 Rc2 70. Ka6 Rc3 71. Ka7 Rc6 72. Ka8 a1=Q# 0-1

[Event "*** SCC Grand Prix: Titled Tuesday Blitz"]
[Site "Chess.com"]
[Date "2020.07.07"]
[Round "1"]
[White "IMKarimIsmael"]
[Black "Bulldog167"]
[Result "1/2-1/2"]
[WhiteElo "2407"]
[BlackElo "2734"]
[TimeControl "180+1"]
[EndTime "10:08:29 PDT"]
[Termination "Game drawn - insufficient material"]

1. e4 e6 2. d4 d5 3. exd5 exd5 4. Nf3 Nf6 5. Bd3 Bd6 6. Qe2+ Be6 7. Ng5 Qe7 8. Nxe6 Qxe6 9. Qxe6+ fxe6 10. O-O O-O 11. Re1 Ng4 12. f3 Bxh2+ 13. Kf1 e5 14. dxe5 Nxe5 15. Be2 Nbd7 16. Rd1 c6 17. c4 dxc4 18.
Bxc4+ Nxc4 19. Rxd7 Rad8 20. Rxd8 Rxd8 21. Nc3 Be5 22. Bg5 Rd7 23. Re1 h6 24. Bc1 Bxc3 25. bxc3 Rd3 26. Re7 Rxc3 27. Bf4 Rc2 28. Rxb7 Rxa2 29.
Rc7 Ra6 30. Ke2 g5 31. Kd3 Nb2+ 32. Kc2 gxf4 33. Kxb2 Rb6+ 34. Kc3 a5 35. Ra7 Rb5 36. Kd4 Rb4+ 37. Ke5 a4 38. Kf6 h5 39. Ra8+ Kh7 40. Ra7+ Kh6 41. Ra8 Rb7 42. Rxa4 Rg7 43. Ra8 Rg6+ 44.
Kf5 Rxg2 45. Rh8+ Kg7 46. Rxh5 Rc2 47. Kxf4 Kf6 48. Rh6+ Ke7 49. Ke4 Kd7 50. f4 Re2+ 51.
Kf5 c5 52. Rh8 c4 53. Kf6 c3 54. Rh3 c2 55. Rc3 Kd6 56. f5 Kd5 57. Kg6 Kd4 58. Rc8 Rg2+ 59. Kf7 Kd3 60. f6 Rg1 61. Kf8 c1=Q 62.
Rxc1 Rxc1 63. f7 Rf1 64. Ke7 Rxf7+ 65. Kxf7 1/2-1/2

[Event "*** SCC Grand Prix: Titled Tuesday Blitz"]
[Site "Chess.com"]
[Date "2020.07.07"]
[Round "1"]
[White "LawrenceTrent"]
[Black "IngOscarArdila"]
[Result "1-0"]
[WhiteElo "2529"]
[BlackElo "2159"]
[TimeControl "180+1"]
[EndTime "10:08:31 PDT"]
[Termination "LawrenceTrent won by resignation"]

1. e4 e5 2. Nf3 Nf6 3. Nxe5 d6 4.
Nf3 Nxe4 5. Bd3 Nf6 6. O-O Be7 7. h3 O-O 8. c3 Nbd7 9. Bc2 Re8 10. d4 Nf8 11.
Re1 Bd7 12. Nbd2 Ng6 13. Nf1 Qc8 14. Ng3 Bf8 15. Bg5 Rxe1+ 16. Qxe1 Nd5 17. Qd2 Be7 18. Re1 Bxg5 19. Nxg5 Qf8 20. Nh5 Re8 21. c4 Rxe1+ 22. Qxe1 Nde7 23. d5 Bf5 24. Bxf5 Nxf5 25. Qe4 Nfe7 26. f4 h6 27. Nf3 Qc8 28. g4 f5 29.
Qd4 Qf8 30. g5 b6 31. gxh6 gxh6 32. Nf6+ Kf7 33. Nh5 Qh8 34. Qxh8 Nxh8 35. Nd4 Nhg6 36. Ne6 c6 37. Nd8+ Ke8 38. Nxc6 Nxc6 39. dxc6 Kd8 40. Kf2 Kc7 41. Ke3 Kxc6 42. Ng7 Ne7 43. Kd4 d5 44. b3 dxc4 45. bxc4 Kd6 46. h4 Nc6+ 47. Ke3 Ne7 48. Kd4 Nc6+ 49. Kc3 Ne7 50. Kb4 a6 51. a4 Nc6+ 52. Kc3 Ne7 53. Ne8+ Kc5 54. Nc7 a5 55. Ne6+ Kd6 56. Nd4 Kc5 57. Nb3+ Kd6 58. c5+ bxc5 59. Nxa5 Kd5 60. Nc4 Nc6 61. a5 Ke4 62. a6 Kxf4 63. Nd6 Kg4 64. Kd2 f4 65. Ke2 Kxh4 66. Kf3 Kg5 67.
Ne4+ Kf5 68. Nxc5 h5 69. Nd3 Nd4+ 70. Kf2 Nc6 71. Nb4 Na7 72. Kf3 Nb5 73. Nd5 Nd4+ 74. Kf2 Nc6 75. Ne7+ Ke4 76. Nxc6 Kd5 77. a7 Kxc6 78. a8=Q+ 1-0

[Event "*** SCC Grand Prix: Titled Tuesday Blitz"]
[Site "Chess.com"]
[Date "2020.07.07"]
[Round "1"]
[White "SHIVACalypso"]
[Black "AlexOstrovskiy"]
[Result "0-1"]
[WhiteElo "2346"]
[BlackElo "2666"]
[TimeControl "180+1"]
[EndTime "10:08:35 PDT"]
[Termination "AlexOstrovskiy won by resignation"]

1. Nf3 d5 2. c4 d4 3. e3 Nc6 4. exd4 Nxd4 5. Nxd4 Qxd4 6. Nc3 c6 7. d3 Nh6 8. Be3 Qd8 9. d4 Nf5 10. Qd2 g6 11. O-O-O Bg7 12. h3 O-O 13. g4 Nxe3 14. fxe3 e5 15. d5 cxd5 16. cxd5 a6 17. e4 b5 18. Kb1 Qh4 19. Bd3 Bd7 20. Rdf1 b4 21. Nd1 a5 22. Ne3 Bh6 23. Ng2 Bxd2 24. Nxh4 a4 25. Nf3 Bf4 26. Ng1 a3 27. b3 Rac8 28. Ne2 g5 29. Nxf4 exf4 30. Bc4 f6 31.
Rd1 Rfe8 32. Rhe1 Kg7 33. Rd4 Re5 34. Bd3 Rb8 35. Rc1 Rb7 36. Ba6 Ra7 37. Bd3 Rb7 38.
d6 h5 39. Rc7 Rxc7 40. dxc7 Be6 41. Rc4 hxg4 42. hxg4 Bxg4 43. c8=Q Bxc8 44. Rxc8 g4 45. Rc4 g3 46. Bf1 f3 47. Rc2 Rg5 48. Rc1 g2 49. Bxg2 fxg2 50. Rg1 Kf7 51. Kc2 Ke6 52. Kd3 Ke5 53. Ke3 Rg3+ 54. Kf2 Rg4 55. Kf3 Rg8 56. Ke3 Rg3+ 57. Kf2 Kf4 58. Ke2 Kxe4 59.
Kf2 Kf4 60. Ke2 Kg4 61. Kf2 f5 62. Ke2 f4 63. Kf2 f3 64. Ke3 Kh3 65. Kf2 Kh2 0-1

[Event "*** SCC Grand Prix: Titled Tuesday Blitz"]
[Site "Chess.com"]
[Date "2020.07.07"]
[Round "1"]
[White "Raja3401"]
[Black "dpopadic"]
[Result "1-0"]
[WhiteElo "2784"]
[BlackElo "2411"]
[TimeControl "180+1"]
[EndTime "10:08:36 PDT"]
[Termination "Raja3401 won by resignation"]

1. e4 c5 2. Nf3 Nc6 3. Bb5 g5 4. Nxg5 Nf6 5. Nc3 Rg8 6. d3 h6 7. Nh3 Rxg2 8. Nf4 Rg8 9. Be3 d6 10. Qe2 Bd7 11. O-O-O Qa5 12. Kb1 O-O-O 13. a3 e6 14. Nh5 Be7 15. Rhg1 Nd4 16. Bxd7+ Nxd7 17. Bxd4 cxd4 18. Na2 Rg5 19. Ng3 Rdg8 20. f4 Rg4 21. Qf2 Qb6 22. Ne2 Bf6 23. Nac1 e5 24. fxe5 dxe5 25.
Nb3 Qe6 26. Ng3 Bh4 27. Rdf1 f6 28. Nd2 Bxg3 29. hxg3 h5 30. Nf3 a6 31. Nh4 Kb8 32. Nf5 R8g5 33. Rh1 Nc5 34. Qe2 Qf7 35. Qd2 Qc7 36.
Qb4 Ka7 37. Rh2 Ne6 38. Rhf2 Rg8 39. Nh6 Rxg3 40. Nxg8 Rxg8 41. Rxf6 Nf4 42. Qb3 Rg5 43.
Rf7 Qb6 44. Qxb6+ Kxb6 45. b4 Kc6 46. Kb2 Rg2 47. Kb3 h4 48. Rh7 h3 49. Rxf4 exf4 50.
Rxh3 Kd6 51. Rh5 f3 52. Rf5 Rf2 53. Kc4 Rxc2+ 54. Kxd4 Ra2 55. Rxf3 Rxa3 56. Rf6+ Kc7 57. Kc4 Ra1 58. d4 Rc1+ 59. Kd5 Rb1 60. Rf7+ Kc8 61.
e5 Rxb4 62. e6 Rb1 63. Rf8+ Kc7 64. e7 1-0

[Event "*** SCC Grand Prix: Titled Tuesday Blitz"]
[Site "Chess.com"]
[Date "2020.07.07"]
[Round "1"]
[White "124chess"]
[Black "Ati1517"]
[Result "1-0"]
[WhiteElo "2690"]
[BlackElo "2370"]
[TimeControl "180+1"]
[EndTime "10:08:36 PDT"]
[Termination "124chess won by resignation"]

1. d4 d5 2. c4 e6 3. Nc3 Nf6 4. cxd5 exd5 5. Bg5 Be7 6. e3 O-O 7. Bd3 Nbd7 8. Nf3 c6 9. O-O Re8 10. Rb1 a5 11. Qc2 h6 12. Bh4 Ne4 13. Bxe7 Qxe7 14.
Rbe1 Nxc3 15. Qxc3 Nf6 16. Ne5 Ne4 17. Qc2 f6 18. Ng6 Qf7 19. Nf4 f5 20. Be2 Nf6 21. Nd3 Be6 22. a3 Ne4 23. Ne5 Qf6 24. Bd3 Nd6 25.
f4 Ne4 26. b4 axb4 27. axb4 Ra3 28. Qb2 Rea8 29. Ra1 Rxa1 30. Rxa1 Rxa1+ 31. Qxa1 Qh4 32. Bxe4 fxe4 33. Qb1 Qd8 34. Qc2 Qb6 35. Qc5 Qd8 36. h3 Kh7 37. b5 Qa5 38. bxc6 Qe1+ 39. Kh2 Qxe3 40. cxb7 Qxf4+ 41. Kg1 e3 42. Qc2+ Bf5 43. Qb2 Qg3 44. b8=Q Qe1+ 45. Kh2 e2 46. Nf7 Qf1 47. Qh8+ Kg6 48. Ne5+ Kh5 49. Nf3 e1=Q 50. Nxe1 Qxe1 51. Qxg7 Qe4 52. Qg3 Be6 53. Qbf2 Bf5 54. Qgf3+ Qxf3 55. Qxf3+ Kh4 56. Qxd5 h5 57. Qe5 Kg5 1-0